[Event "46th GRE-chT Premier 2018"]
[Site "Rio Achaia"]
[Date "2018.07.11"]
[Round "2"]
[White "Lupulescu, Constantin"]
[Black "Fier, Alexandr"]
[Result "1/2-1/2"]
[ECO "B31"]
[WhiteElo "2617"]
[BlackElo "2570"]
[Annotator "ChessBase"]
[PlyCount "71"]
[EventDate "2018.07.10"]
[EventType "team-tourn"]
[EventCountry "GRE"]
[SourceTitle "playchess.com"]
[Source "ChessBase"]
[SourceQuality "1"]
[TimeControl "40/5400+30:1800+30"]

1. e4 c5 2. Nf3 Nc6 3. Bb5 g6 4. Bxc6 bxc6 5. O-O Bg7 6. Re1 Nh6 7. c3 O-O 8. d4 cxd4 9. cxd4 d5 10. e5 f6 11. Qc2 Bg4 12. Nbd2 Qb6 13. h3 Bxf3 14. Nxf3 Nf5 15. e6 Rfc8 16. Qd3 Qb5 17. Qd1 c5 18. dxc5 Qxc5 19. Bf4 Qb4 20. Bh2 Nh4 21. Nxh4 Qxh4 22. Qxd5 f5 23. Be5 Qc4 24. Rad1 Qxd5 25. Rxd5 Bxe5 26. Rdxe5 Kg7 27. Ra5 Rc6 28. g4 Kf6 29. Kg2 Rc2 30. b3 Rd8 31. gxf5 Rdd2 32. Rf1 Rxa2 33. Rxa2 Rxa2 34. fxg6 hxg6 35. Re1 Ra6 36. Re4 {[%emt 0:01:18] Ke5} 1/2-1/2

[Event "46th GRE-chT Premier 2018"]
[Site "Rio Achaia"]
[Date "2018.07.11"]
[Round "2"]
[White "Istratescu, Andrei"]
[Black "Trimitzios, Petros"]
[Result "1-0"]
[ECO "C67"]
[WhiteElo "2575"]
[BlackElo "2300"]
[Annotator "ChessBase"]
[PlyCount "69"]
[EventDate "2018.07.10"]
[EventType "team-tourn"]
[EventCountry "GRE"]
[SourceTitle "playchess.com"]
[Source "ChessBase"]
[SourceQuality "1"]
[TimeControl "40/5400+30:1800+30"]

1. e4 e5 2. Nf3 Nc6 3. Bb5 Nf6 4. O-O Nxe4 5. d4 Nd6 6. Bxc6 dxc6 7. dxe5 Nf5 8. Qxd8+ Kxd8 9. Nc3 Ke8 10. h3 Be6 11. Rd1 Bb4 12. Ne2 Bd5 13. Nfd4 Ne7 14. Nf4 Rd8 15. Be3 f6 16. a3 Ba5 17. exf6 gxf6 18. Rac1 Bb6 19. c4 Bxc4 20. Rxc4 c5 21. Nfe6 Rd5 22. Re1 cxd4 23. Bxd4 Kf7 24. Bxb6 cxb6 25. Rc7 Re5 26. Ng5+ Rxg5 27. Rexe7+ Kg6 28. Rg7+ Kh6 29. Rxg5 fxg5 30. Rxb7 Rd8 31. Rxa7 Rd1+ 32. Kh2 Rd2 33. b4 Rxf2 34. Ra6 Rf6 35. a4 1-0

[Event "46th GRE-chT Premier 2018"]
[Site "Rio Achaia"]
[Date "2018.07.11"]
[Round "2"]
[White "Mihok, Oliver"]
[Black "Koyias, Konstantinos"]
[Result "1-0"]
[ECO "B40"]
[WhiteElo "2550"]
[BlackElo "2192"]
[Annotator "RC"]
[PlyCount "81"]
[EventDate "2018.07.10"]
[EventType "team-tourn"]
[EventCountry "GRE"]
[SourceTitle "playchess.com"]
[Source "ChessBase"]
[SourceQuality "1"]
[TimeControl "40/5400+30:1800+30"]

1. e4 c5 2. Nf3 e6 3. g3 Nc6 4. Bg2 Nf6 5. d3 d6 6. O-O Be7 7. c3 O-O 8. Re1 e5 9. h3 Rb8 10. d4 b5 11. d5 Na5 12. Nbd2 Bd7 13. b4 Nb7 14. Nf1 a5 15. a3 Qc7 16. g4 g6 17. Bg5 Kg7 18. Ng3 Ng8 19. Be3 Rbc8 20. Qd2 Ra8 21. Bf1 Rfc8 22. Reb1 Rcb8 23. Kh2 Qc8 24. Rc1 c4 25. Be2 axb4 26. cxb4 Qe8 27. Rg1 Kh8 28. Qc3 Bf6 29. Rg2 Qe7 30. Rh1 h6 31. Kg1 Bg7 32. Ne1 Bf6 33. h4 Bxh4 34. f4 Kg7 35. Nf3 Bxg3 36. Rxg3 f6 37. g5 hxg5 38. fxg5 Rf8 39. gxf6+ Qxf6 40. Ng5 Qd8 41. Rh7+ 1-0

[Event "46th GRE-chT Premier 2018"]
[Site "Rio Achaia"]
[Date "2018.07.11"]
[Round "2"]
[White "Czarnota, Pawel"]
[Black "Nikolov, Momchil"]
[Result "1/2-1/2"]
[ECO "C42"]
[WhiteElo "2549"]
[BlackElo "2551"]
[Annotator "ChessBase"]
[PlyCount "61"]
[EventDate "2018.07.10"]
[EventType "team-tourn"]
[EventCountry "GRE"]
[SourceTitle "playchess.com"]
[Source "ChessBase"]
[SourceQuality "1"]
[TimeControl "40/5400+30:1800+30"]

1. e4 e5 2. Nf3 Nf6 3. Nxe5 d6 4. Nf3 Nxe4 5. Nc3 Nxc3 6. dxc3 Be7 7. Bf4 Nc6 8. Qd2 Be6 9. O-O-O Qd7 10. Be2 h6 11. Kb1 a6 12. Rhe1 O-O-O 13. Nd4 Nxd4 14. cxd4 d5 15. Bd3 Rhe8 16. Be5 f6 17. Bg3 Bd6 18. Bg6 Bf7 19. Bxf7 Rxe1 20. Rxe1 Qxf7 21. Bxd6 Rxd6 22. Qe2 Kd8 23. Kc1 Rd7 24. Kd2 Re7 25. Qxe7+ Qxe7 26. Rxe7 Kxe7 27. Ke3 g5 28. f4 Ke6 29. fxg5 fxg5 30. g4 a5 31. a4 {[%emt 0:00:14] Ke5 Ke4+} 1/2-1/2

[Event "46th GRE-chT Premier 2018"]
[Site "Rio Achaia"]
[Date "2018.07.11"]
[Round "2"]
[White "Kuljasevic, Davorin"]
[Black "Safarli, Eltaj"]
[Result "1/2-1/2"]
[ECO "D97"]
[WhiteElo "2545"]
[BlackElo "2667"]
[Annotator "RC"]
[PlyCount "91"]
[EventDate "2018.07.10"]
[EventType "team-tourn"]
[EventCountry "GRE"]
[SourceTitle "playchess.com"]
[Source "ChessBase"]
[SourceQuality "1"]
[TimeControl "40/5400+30:1800+30"]

1. d4 Nf6 2. c4 g6 3. Nc3 d5 4. Nf3 Bg7 5. Qb3 dxc4 6. Qxc4 O-O 7. e4 Be6 8. Qd3 c5 9. d5 Bd7 10. Be2 e6 11. Bg5 h6 12. Be3 exd5 13. exd5 Bf5 14. Qd2 Ne4 15. Nxe4 Bxe4 16. Rd1 Nd7 17. O-O Kh7 18. b4 b6 19. Bf4 f5 20. bxc5 bxc5 21. Bb5 Bxf3 22. gxf3 g5 23. Be3 Ne5 24. Be2 Qd6 25. Rb1 Rac8 26. Rfd1 f4 27. Qc2+ Kh8 28. Bc1 g4 29. Bb2 Rce8 30. Kh1 Re7 31. Rbc1 Rfe8 32. Qxc5 Qxc5 33. Rxc5 gxf3 34. Bb5 Ng4 35. Bxg7+ Rxg7 36. Rf1 Reg8 37. h3 Rg5 38. Bd7 Rh5 39. Rc8 Rxh3+ 40. Kg1 Rh5 41. d6 Rxc8 42. Bxc8 Rg5 43. Bxg4 Rxg4+ 44. Kh2 Rh4+ 45. Kg1 Rg4+ 46. Kh2 1/2-1/2

[Event "46th GRE-chT Premier 2018"]
[Site "Rio Achaia"]
[Date "2018.07.11"]
[Round "2"]
[White "Macieja, Bartlomiej"]
[Black "Mastrovasilis, Dimitrios"]
[Result "1/2-1/2"]
[ECO "A13"]
[WhiteElo "2525"]
[BlackElo "2580"]
[Annotator "ChessBase"]
[PlyCount "88"]
[EventDate "2018.07.10"]
[EventType "team-tourn"]
[EventCountry "GRE"]
[SourceTitle "playchess.com"]
[Source "ChessBase"]
[SourceQuality "1"]
[TimeControl "40/5400+30:1800+30"]

1. c4 e6 2. Nf3 d5 3. g3 Nf6 4. Bg2 d4 5. O-O c5 6. d3 Nc6 7. e3 Bd6 8. exd4 cxd4 9. a3 a5 10. Bg5 h6 11. Bxf6 Qxf6 12. Nbd2 Qe7 13. Re1 O-O 14. Rc1 e5 15. c5 Bxc5 16. Nxe5 Nxe5 17. f4 Bg4 18. Qc2 Bd6 19. fxe5 Bxe5 20. Qc5 Rfe8 21. Qxe7 Rxe7 22. Rc5 Bd6 23. Rxe7 Bxe7 24. Rb5 Bg5 25. Nc4 Re8 26. Be4 Bh3 27. Nxa5 f5 28. Bg2 Bxg2 29. Kxg2 Re2+ 30. Kf3 Re3+ 31. Kf2 Rxd3 32. Nc4 Rd1 33. h4 Bf6 34. Rxb7 Rc1 35. Nd2 d3 36. Rb3 Kf7 37. a4 Ra1 38. Ra3 Bd4+ 39. Kf3 Rd1 40. Rxd3 Bxb2 41. a5 g5 42. a6 gxh4 43. gxh4 Bf6 44. Ra3 Rxd2 {[%emt 0:00:36] Ke4} 1/2-1/2

[Event "46th GRE-chT Premier 2018"]
[Site "Rio Achaia"]
[Date "2018.07.11"]
[Round "2"]
[White "Mastrovasilis, Athanasios"]
[Black "Mihailidis, Anastasios"]
[Result "1-0"]
[ECO "A06"]
[WhiteElo "2497"]
[BlackElo "2265"]
[Annotator "ChessBase"]
[PlyCount "41"]
[EventDate "2018.07.10"]
[EventType "team-tourn"]
[EventCountry "GRE"]
[SourceTitle "playchess.com"]
[Source "ChessBase"]
[SourceQuality "1"]
[TimeControl "40/5400+30:1800+30"]

1. Nf3 d5 2. g3 Bg4 3. Bg2 Nf6 4. h3 Bf5 5. d3 h6 6. c4 c6 7. cxd5 cxd5 8. Qb3 Qb6 9. Qxb6 axb6 10. Nc3 e6 11. Nd4 Bg6 12. Ndb5 Na6 13. O-O Be7 14. Be3 Bc5 15. Bd2 O-O 16. a3 Rfc8 17. b4 Be7 18. Be3 Nd7 19. Rac1 Nc7 20. Nxc7 Rxc7 21. Nxd5 1-0

[Event "46th GRE-chT Premier 2018"]
[Site "Rio Achaia"]
[Date "2018.07.11"]
[Round "2"]
[White "Nedev, Trajko"]
[Black "Boruchovsky, Avital"]
[Result "1-0"]
[ECO "C07"]
[WhiteElo "2490"]
[BlackElo "2558"]
[Annotator "ChessBase"]
[PlyCount "123"]
[EventDate "2018.07.10"]
[EventType "team-tourn"]
[EventCountry "GRE"]
[SourceTitle "playchess.com"]
[Source "ChessBase"]
[SourceQuality "1"]
[TimeControl "40/5400+30:1800+30"]

1. e4 e6 2. d4 d5 3. Nd2 c5 4. exd5 Qxd5 5. Ngf3 cxd4 6. Bc4 Qd6 7. Ne4 Qb4+ 8. Nfd2 Nc6 9. O-O Qb6 10. c3 Bd7 11. Bb3 Nf6 12. Nc4 Qa6 13. Nxf6+ gxf6 14. cxd4 Nb4 15. Re1 Bb5 16. Na3 O-O-O 17. Nxb5 Qxb5 18. Qf3 Be7 19. Bf4 Rxd4 20. a4 Qa6 21. Rec1+ Nc6 22. Be3 Rb4 23. Bd2 Rh4 24. Bf4 e5 25. Bc4 Qa5 26. Bg3 Rd4 27. b4 Qd8 28. Ba6 Qd5 29. Rxc6+ Kb8 30. Rxf6 bxa6 31. Rxf7 Bd6 32. Qxd5 Rxd5 33. Rd7 Re8 34. h3 h5 35. Re1 Re6 36. Re4 Kc8 37. Rxa7 Rd1+ 38. Kh2 Rd4 39. f3 Rxe4 40. fxe4 Bxb4 41. Rh7 Bc3 42. Rxh5 Kc7 43. Rg5 Kd6 44. h4 Bd2 45. Rg8 Kc5 46. Rd8 Bf4 47. Rd5+ Kb4 48. a5 Rg6 49. Bxf4 exf4 50. h5 Rg4 51. Rf5 Kc4 52. Kh3 Rg3+ 53. Kh4 Rxg2 54. Rxf4 Kd4 55. Rg4 Rc2 56. h6 Ke5 57. Kg5 Rc7 58. Kg6 Rc6+ 59. Kh5 Rc7 60. Kg6 Rc6+ 61. Kg5 Rc7 62. Rh4 1-0

[Event "46th GRE-chT Premier 2018"]
[Site "Rio Achaia"]
[Date "2018.07.11"]
[Round "2"]
[White "Leniart, Arkadiusz"]
[Black "Papaioannou, Ioannis"]
[Result "1/2-1/2"]
[ECO "B91"]
[WhiteElo "2489"]
[BlackElo "2647"]
[Annotator "RC"]
[PlyCount "79"]
[EventDate "2018.07.10"]
[EventType "team-tourn"]
[EventCountry "GRE"]
[SourceTitle "playchess.com"]
[Source "ChessBase"]
[SourceQuality "1"]
[TimeControl "40/5400+30:1800+30"]

1. e4 c5 2. Nf3 d6 3. d4 cxd4 4. Nxd4 Nf6 5. Nc3 a6 6. g3 e5 7. Nde2 Be7 8. Bg2 O-O 9. O-O Be6 10. a4 Nbd7 11. h3 Re8 12. b3 Qc7 13. Be3 Rac8 14. Ra2 Nc5 15. Nd5 Nxd5 16. exd5 Bf5 17. g4 Bg6 18. Ng3 Qd8 19. a5 Bh4 20. Qe2 h6 21. Rd1 Qe7 22. Bxc5 Rxc5 23. c4 e4 24. Nf1 f5 25. gxf5 Bxf5 26. Ne3 Bd7 27. Qh5 Rf8 28. Qg6 Rf4 29. Rd4 Qf6 30. Qxf6 Bxf6 31. Rxe4 Rxe4 32. Bxe4 Bxh3 33. b4 Rc8 34. Kh2 Bd7 35. Rc2 Re8 36. f3 Bg5 37. Rc3 Bf6 38. Rc2 Bg5 39. Rc3 Bf6 40. Rc2 1/2-1/2

[Event "46th GRE-chT Premier 2018"]
[Site "Rio Achaia"]
[Date "2018.07.11"]
[Round "2"]
[White "Paehtz, Elisabeth"]
[Black "Pavlidou, Ekaterini"]
[Result "1-0"]
[ECO "C50"]
[WhiteElo "2489"]
[BlackElo "2186"]
[Annotator "ChessBase"]
[PlyCount "85"]
[EventDate "2018.07.10"]
[EventType "team-tourn"]
[EventCountry "GRE"]
[SourceTitle "playchess.com"]
[Source "ChessBase"]
[SourceQuality "1"]
[TimeControl "40/5400+30:1800+30"]

1. e4 e5 2. Nf3 Nc6 3. Bc4 Bc5 4. d3 h6 5. c3 d6 6. h3 Nge7 7. b4 Bb6 8. a4 a5 9. b5 Nb8 10. Nbd2 Nd7 11. Ba2 Nc5 12. Nc4 Ba7 13. O-O g5 14. Re1 Ng6 15. d4 exd4 16. cxd4 Ne6 17. Nxa5 Nef4 18. Qb3 Be6 19. Qc3 Bxh3 20. gxh3 Qd7 21. Qc4 O-O 22. Bxf4 Nxf4 23. Re3 Qxh3 24. Ne1 Qg4+ 25. Kf1 Qh5 26. Kg1 Qg4+ 27. Kf1 Qh5 28. Rg3 Qh1+ 29. Rg1 Qxe4 30. Nb3 Rae8 31. Qc2 Qe6 32. Rg3 Qd5 33. Ng2 Nxg2 34. Rxg2 Bxd4 35. Rd1 Bc3 36. Nd2 Qe5 37. Nf3 Qg7 38. Nh4 Qe5 39. Qg6+ Qg7 40. Qd3 Qe5 41. Rg3 Qe4 42. Ng6 Qxa4 43. Bc4 1-0

[Event "46th GRE-chT Premier 2018"]
[Site "Rio Achaia"]
[Date "2018.07.11"]
[Round "2"]
[White "Tzermiadianos, Andreas"]
[Black "Deligiannis, Paraskevas"]
[Result "1-0"]
[ECO "C24"]
[WhiteElo "2437"]
[BlackElo "2061"]
[Annotator "NA"]
[PlyCount "95"]
[EventDate "2018.07.10"]
[EventType "team-tourn"]
[EventCountry "GRE"]
[SourceTitle "playchess.com"]
[Source "ChessBase"]
[SourceQuality "1"]
[TimeControl "40/5400+30:1800+30"]

1. e4 e5 2. Bc4 Nf6 3. d3 c6 4. Nf3 d5 5. Bb3 Bd6 6. Nc3 dxe4 7. Ng5 O-O 8. Ngxe4 Nxe4 9. Nxe4 Bf5 10. Ng3 Qd7 11. Nxf5 Qxf5 12. g4 Qf6 $11 13. h4 Bc5 14. Qe2 a5 15. a3 a4 16. Ba2 Na6 17. g5 Qf5 18. Be3 Be7 19. Rg1 Nc7 20. Qg4 Qxg4 21. Rxg4 Kh8 22. O-O-O Nd5 23. Re1 Nxe3 24. Rxe3 f5 25. gxf6 Bxf6 26. h5 Rad8 27. Kd1 b5 28. c3 Rde8 29. Ke2 h6 30. Rf3 Bg5 31. Bf7 e4 32. dxe4 Re7 33. Bg6 Rxf3 34. Kxf3 Bc1 35. Rg1 Bg5 36. Rd1 Rc7 37. e5 Kg8 38. Ke4 Kf8 39. f4 Bh4 40. Kf3 Be7 41. Ke4 Bh4 42. Bf5 Ke7 43. Rg1 Ke8 44. Rg6 Be1 45. Re6+ Kf7 46. Rd6 Ke7 47. Kf3 Bh4 48. Be4 1-0

[Event "46th GRE-chT Premier 2018"]
[Site "Rio Achaia"]
[Date "2018.07.11"]
[Round "2"]
[White "Morozov, Nichita"]
[Black "Dochev, Dimitar"]
[Result "1-0"]
[ECO "E71"]
[WhiteElo "2429"]
[BlackElo "2399"]
[Annotator "NA"]
[PlyCount "91"]
[EventDate "2018.07.10"]
[EventType "team-tourn"]
[EventCountry "GRE"]
[SourceTitle "playchess.com"]
[Source "ChessBase"]
[SourceQuality "1"]
[TimeControl "40/5400+30:1800+30"]

1. d4 Nf6 2. c4 g6 3. Nc3 Bg7 4. e4 d6 5. h3 O-O {[%emt 0:00:48] LiveBook: 3071 Games} 6. Be3 $14 e5 7. d5 Na6 8. Nf3 Nh5 9. g3 f5 10. exf5 gxf5 11. Nh4 Qe8 12. Be2 Nf6 13. Qc2 Nb4 14. Qb3 a5 15. a3 Na6 16. Qc2 f4 17. gxf4 exf4 18. Bd4 Nd7 19. Rg1 Ne5 20. Ne4 Nc5 21. Nxc5 dxc5 22. Bc3 f3 23. Rxg7+ Kxg7 24. Qe4 fxe2 25. Bxe5+ Kh6 26. Qe3+ Kh5 27. Ng2 Qg6 28. Qxe2+ Kh6 29. Qe3+ Kh5 30. Nf4+ Rxf4 31. Qxf4 Bxh3 32. Kd2 Qg5 33. Rh1 Qxf4+ 34. Bxf4 Kg4 35. Bxc7 Rf8 36. Rg1+ Kh4 37. f4 h5 38. Ke3 Bf5 39. Kf3 Bg4+ 40. Kf2 Bd7 41. Rg7 Bg4 42. Bd6 Re8 43. Be7+ Kh3 44. d6 a4 45. Rg5 b6 46. f5 1-0

[Event "46th GRE-chT Premier 2018"]
[Site "Rio Achaia"]
[Date "2018.07.11"]
[Round "2"]
[White "Warmerdam, Max"]
[Black "Mitsis, Georgios"]
[Result "1-0"]
[ECO "A40"]
[WhiteElo "2424"]
[BlackElo "2350"]
[Annotator "NA"]
[PlyCount "127"]
[EventDate "2018.07.10"]
[EventType "team-tourn"]
[EventCountry "GRE"]
[SourceTitle "playchess.com"]
[Source "ChessBase"]
[SourceQuality "1"]
[TimeControl "40/5400+30:1800+30"]

1. d4 Nf6 2. c4 e6 3. g3 d5 4. Nf3 Bb4+ 5. Bd2 Bd6 6. Bg2 c6 7. O-O Nbd7 8. Qb3 O-O 9. Rc1 dxc4 10. Qxc4 e5 11. Nc3 exd4 12. Qxd4 Bc5 13. Qh4 Be7 14. Rd1 Nd5 15. Qd4 Bf6 16. Qd3 Nxc3 17. Bxc3 Bxc3 18. Qxc3 Qe7 19. Nd4 Nf6 20. Rd3 Bd7 21. Rad1 Rac8 22. Re3 Qd6 23. Red3 Qe7 24. Qd2 c5 25. Nb3 Be6 26. Na5 Rb8 27. b3 h6 28. Qc3 Rfc8 29. Qe5 Ng4 30. Qf4 g5 31. Qe4 Qf6 32. Qf3 Qxf3 33. Bxf3 Ne5 34. Bxb7 Nxd3 35. Bxc8 Nxf2 36. Kxf2 Rxc8 37. Rc1 Kf8 38. Nb7 c4 39. Nd6 Rc6 40. Nxc4 Bxc4 41. Rxc4 Re6 42. a4 Kg7 43. b4 a6 44. b5 axb5 45. axb5 Rb6 46. Rc5 Rf6+ 47. Ke1 Rd6 48. Rc3 Rb6 49. Rb3 Kf6 50. Kd2 Ke5 51. Kc3 Kd5 52. Kb4 Rb8 53. Rf3 Ke6 54. Rc3 h5 55. Rc6+ Ke5 56. b6 f5 57. Rg6 h4 58. Kb5 hxg3 59. hxg3 g4 60. Rc6 Kd5 61. Rc5+ Ke6 62. Ka6 Ra8+ 63. Kb7 Ra2 64. Kc7 1-0

[Event "46th GRE-chT Premier 2018"]
[Site "Rio Achaia"]
[Date "2018.07.11"]
[Round "2"]
[White "Zysk, Robert"]
[Black "Yilmaz, Mustafa"]
[Result "0-1"]
[ECO "D38"]
[WhiteElo "2421"]
[BlackElo "2624"]
[Annotator "ChessBase"]
[PlyCount "90"]
[EventDate "2018.07.10"]
[EventType "team-tourn"]
[EventCountry "GRE"]
[SourceTitle "playchess.com"]
[Source "ChessBase"]
[SourceQuality "1"]
[TimeControl "40/5400+30:1800+30"]

1. Nf3 Nf6 2. c4 e6 3. Nc3 d5 4. d4 Bb4 5. e3 O-O 6. Bd2 b6 7. Rc1 Bb7 8. cxd5 exd5 9. Nb5 Bxd2+ 10. Nxd2 a6 11. Nc3 c5 12. Nf3 c4 13. g3 Nbd7 14. Bg2 Re8 15. O-O b5 16. a3 Bc6 17. Nd2 Nb6 18. Re1 Ra7 19. Ne2 Qd6 20. Nf4 a5 21. h4 g6 22. g4 b4 23. g5 Nfd7 24. Qg4 bxa3 25. bxa3 Qxa3 26. Nb1 Qd6 27. Nc3 a4 28. e4 dxe4 29. d5 f5 30. Qg3 Ba8 31. Nb5 Qb8 32. Nxa7 Qxa7 33. h5 Ne5 34. Bxe4 fxe4 35. Rxe4 Qf7 36. Rce1 Nbd7 37. R1e3 Rc8 38. hxg6 hxg6 39. Qh3 Rf8 40. Qe6 Qxe6 41. Nxe6 Rc8 42. Rxe5 Nxe5 43. Rxe5 c3 44. Nd4 Kf7 45. Nc2 Re8 0-1

[Event "46th GRE-chT Premier 2018"]
[Site "Rio Achaia"]
[Date "2018.07.11"]
[Round "2"]
[White "Zimina, Olga"]
[Black "Cornette, Deimante"]
[Result "1-0"]
[ECO "A29"]
[WhiteElo "2411"]
[BlackElo "2470"]
[Annotator "ChessBase"]
[PlyCount "89"]
[EventDate "2018.07.10"]
[EventType "team-tourn"]
[EventCountry "GRE"]
[SourceTitle "playchess.com"]
[Source "ChessBase"]
[SourceQuality "1"]
[TimeControl "40/5400+30:1800+30"]

1. c4 e5 2. Nc3 Nf6 3. Nf3 Nc6 4. g3 g6 5. Bg2 Bg7 6. O-O O-O 7. d3 d6 8. Rb1 a5 9. a3 Bf5 10. e4 Bg4 11. h3 Bxf3 12. Bxf3 Nd7 13. Bg2 Nc5 14. Be3 Ne6 15. f4 exf4 16. gxf4 Ned4 17. Qd2 f5 18. Qf2 a4 19. Nb5 Nxb5 20. cxb5 Ne7 21. Bd4 c5 22. bxc6 bxc6 23. Bxg7 Kxg7 24. Qd4+ Kh6 25. b4 Rb8 26. Kh1 Qc7 27. Rbc1 Rb5 28. Qc4 Qd7 29. e5 dxe5 30. fxe5 Rd8 31. Qh4+ Kg7 32. Qf6+ Kg8 33. d4 Nd5 34. Qxc6 Qxc6 35. Rxc6 Ne3 36. Re1 Nxg2 37. Kxg2 Rxd4 38. Rc8+ Kf7 39. e6+ Ke7 40. Rc7+ Ke8 41. Rxh7 Rbd5 42. Rc1 Rd8 43. Rcc7 Rd2+ 44. Kf3 R8d3+ 45. Kf4 1-0

[Event "46th GRE-chT Premier 2018"]
[Site "Rio Achaia"]
[Date "2018.07.11"]
[Round "2"]
[White "Maier, Christian"]
[Black "Hrisomalis, Theodoros"]
[Result "1-0"]
[ECO "A20"]
[WhiteElo "2378"]
[BlackElo "2163"]
[Annotator "ChessBase"]
[PlyCount "161"]
[EventDate "2018.07.10"]
[EventType "team-tourn"]
[EventCountry "GRE"]
[SourceTitle "playchess.com"]
[Source "ChessBase"]
[SourceQuality "1"]
[TimeControl "40/5400+30:1800+30"]

1. c4 e5 2. g3 Nf6 3. Bg2 c6 4. Nf3 e4 5. Nd4 d5 6. cxd5 cxd5 7. Nc3 Nc6 8. Nxc6 bxc6 9. d3 exd3 10. Qxd3 Be7 11. O-O O-O 12. Be3 a5 13. Na4 Re8 14. Qc2 Rb8 15. Rfd1 Bd7 16. Rac1 Rb4 17. b3 Rb5 18. Nc5 Bg4 19. f3 Bc8 20. Bf2 Qc7 21. Bf1 Rb8 22. Qd3 Ra8 23. Rc3 Nd7 24. Nxd7 Qxd7 25. Qc2 Bb7 26. Bc5 Bf6 27. Bd4 Be7 28. Bc5 Bf6 29. Rcd3 Ba6 30. Re3 Rxe3 31. Bxe3 Qe8 32. Kf2 Bc8 33. Bd4 Qe6 34. Qc3 a4 35. bxa4 Rxa4 36. Bxf6 gxf6 37. Qb3 Ra8 38. Rd2 Ba6 39. a4 Bc4 40. Qb4 Re8 41. Qc5 Qe7 42. Qxc6 Qe3+ 43. Kg2 Re6 44. Qc8+ Kg7 45. Rb2 Ba6 46. Qc2 d4 47. Qd2 Qe5 48. Qf4 Qd5 49. Qg4+ Kh6 50. Rd2 Rd6 51. Qf4+ Kg7 52. Qg4+ Kh6 53. Rb2 Re6 54. Qf4+ Kg7 55. Qd2 Re3 56. Rb4 Bc4 57. Qc2 Rc3 58. Qe4 Qxe4 59. fxe4 Rc2 60. Kf3 Rc3+ 61. Kf2 Rc2 62. Ke1 Rc1+ 63. Kd2 Rc3 64. Bg2 Kf8 65. e3 Rd3+ 66. Kc1 dxe3 67. Bf1 Rd2 68. Bxc4 Rxh2 69. Rb2 Rh1+ 70. Kc2 Rg1 71. Be2 Rxg3 72. a5 Ke7 73. a6 Rg1 74. Ra2 Rg8 75. a7 Ra8 76. Bc4 f5 77. Bd5 Rc8+ 78. Kd3 fxe4+ 79. Kxe3 Kd6 80. a8=Q Rxa8 81. Bxa8 {[%emt 0:01:03] Kd5 Kxe4+} 1-0

[Event "46th GRE-chT Premier 2018"]
[Site "Rio Achaia"]
[Date "2018.07.11"]
[Round "2"]
[White "Videnova, Iva"]
[Black "Botsari, Anna-Maria"]
[Result "1/2-1/2"]
[ECO "B48"]
[WhiteElo "2369"]
[BlackElo "2284"]
[Annotator "NA"]
[PlyCount "67"]
[EventDate "2018.07.10"]
[EventType "team-tourn"]
[EventCountry "GRE"]
[SourceTitle "playchess.com"]
[Source "ChessBase"]
[SourceQuality "1"]
[TimeControl "40/5400+30:1800+30"]

1. e4 c5 2. Nf3 e6 3. d4 cxd4 4. Nxd4 Nc6 5. Nc3 Qc7 6. Be3 a6 7. Qf3 Nf6 8. O-O-O h5 9. h3 Ne5 10. Qe2 Ng6 11. g3 b5 12. Bg2 Bb7 13. Bg5 Be7 14. f4 b4 15. Na4 h4 16. Nf5 Qc6 17. Nxe7 Nxe7 18. Bxf6 gxf6 19. b3 hxg3 20. Qe3 Qc7 21. Nb6 Rd8 22. Rd2 Bc6 23. Rhd1 Rh4 24. Rd6 Ng6 25. f5 Nf4 26. Kb1 Nxg2 27. Qxg3 Qxb6 28. fxe6 fxe6 29. Qg8+ Ke7 30. Qg7+ Ke8 31. Qg6+ Ke7 32. Qg7+ Ke8 33. Qg6+ Ke7 34. Qg7+ 1/2-1/2

[Event "46th GRE-chT Premier 2018"]
[Site "Rio Achaia"]
[Date "2018.07.11"]
[Round "2"]
[White "Lekic, Dusan"]
[Black "Bednarek, Sylwester"]
[Result "1-0"]
[ECO "A61"]
[WhiteElo "2356"]
[BlackElo "2307"]
[Annotator "NA"]
[PlyCount "133"]
[EventDate "2018.07.10"]
[EventType "team-tourn"]
[EventCountry "GRE"]
[SourceTitle "playchess.com"]
[Source "ChessBase"]
[SourceQuality "1"]
[TimeControl "40/5400+30:1800+30"]

1. d4 Nf6 2. c4 c5 3. d5 e6 4. Nc3 exd5 5. cxd5 d6 6. Nf3 g6 7. Bf4 a6 8. a4 Bg7 9. h3 O-O 10. e3 Qe7 11. Bd3 Nbd7 12. O-O b6 13. Bh2 Ne8 14. e4 g5 15. Qd2 h6 16. Rab1 Kh8 17. b4 Rg8 18. bxc5 bxc5 19. a5 Nef6 20. Rfe1 Nh5 21. Na4 Ne5 22. Nxe5 Bxe5 23. Bxe5+ Qxe5 24. Qb2 Qxb2 25. Rxb2 Nf4 26. Bf1 g4 27. Kh2 h5 28. Rb6 gxh3 29. g3 Ng6 30. Be2 Ne5 31. Rxd6 h4 32. Rh6+ Kg7 33. Rxh4 c4 34. Nb6 Ra7 35. Nxc4 Ng6 36. Rh5 Rc7 37. f4 f6 38. f5 Rxc4 39. Bxc4 Ne5 40. Be2 Bd7 41. Kxh3 Rc8 42. Bxa6 Ra8 43. Bf1 Rxa5 44. Bg2 Ra3 45. Rh4 Nf7 46. Rg4+ Kf8 47. Rg6 Ra6 48. Rb1 Ne5 49. Rb8+ Kf7 50. Rh6 Ke7 51. Rh7+ Kd6 52. Rf8 Kc5 53. Re7 Kd4 54. Rxe5 Kxe5 55. Rf7 Bb5 56. Re7+ Kd4 57. Re6 Ra8 58. Rxf6 Rh8+ 59. Kg4 Ke3 60. Rb6 Be2+ 61. Kg5 Rh2 62. Rb3+ Kf2 63. d6 Kxg2 64. d7 Rh8 65. e5 Rg8+ 66. Kf6 Bg4 67. e6 1-0

[Event "46th GRE-chT Premier 2018"]
[Site "Rio Achaia"]
[Date "2018.07.11"]
[Round "2"]
[White "Galopoulos, Nikolaos"]
[Black "Giannoulakis, Lampros"]
[Result "1/2-1/2"]
[ECO "B23"]
[WhiteElo "2351"]
[BlackElo "2287"]
[Annotator "NA"]
[PlyCount "91"]
[EventDate "2018.07.10"]
[EventType "team-tourn"]
[EventCountry "GRE"]
[SourceTitle "playchess.com"]
[Source "ChessBase"]
[SourceQuality "1"]
[TimeControl "40/5400+30:1800+30"]

1. e4 c5 2. Nc3 d6 3. d4 cxd4 4. Qxd4 Nc6 5. Qd2 Nf6 6. b3 e6 7. Bb2 Be7 8. O-O-O O-O 9. f4 a6 10. Nf3 b5 11. g4 b4 12. g5 bxc3 13. Qxc3 Qb6 14. gxf6 Bxf6 15. Qe1 Bxb2+ 16. Kxb2 a5 17. Rxd6 Qc5 18. Rd3 Bb7 19. Rc3 Qe7 20. a4 Rac8 21. Rg1 Nb4 22. Bc4 Qf6 23. Qe3 Rc7 24. Ne5 Rfc8 25. Ng4 Qe7 26. Qd4 Kf8 27. Rh3 Qc5 28. Qxc5+ Rxc5 29. Ne5 Bxe4 30. Nd7+ Ke7 31. Nxc5 Rxc5 32. c3 Nd5 33. Bxd5 Rxd5 34. Rxg7 Rd2+ 35. Ka3 Rf2 36. Rg5 Bf5 37. Rxf5 exf5 38. Re3+ Kd6 39. Re5 Rxf4 40. Rxa5 Rf1 41. Kb4 f4 42. Rh5 f3 43. Kc4 Ke6 44. Rh3 Kf5 45. Kd3 Kg4 46. Kd4 1/2-1/2

[Event "46th GRE-chT Premier 2018"]
[Site "Rio Achaia"]
[Date "2018.07.11"]
[Round "2"]
[White "Kalogeris, Ioannis"]
[Black "Kontopanagos, Ioannis"]
[Result "1-0"]
[ECO "B50"]
[WhiteElo "2339"]
[BlackElo "1440"]
[Annotator "NA"]
[PlyCount "76"]
[EventDate "2018.07.10"]
[EventType "team-tourn"]
[EventCountry "GRE"]
[SourceTitle "playchess.com"]
[Source "ChessBase"]
[SourceQuality "1"]
[TimeControl "40/5400+30:1800+30"]

1. e4 c5 2. Nf3 d6 3. g3 Nf6 4. Nc3 e6 5. Bg2 Be7 6. O-O O-O 7. d4 cxd4 8. Nxd4 a6 9. a4 Qc7 10. a5 Bd7 11. Be3 Bc6 12. Qe2 Nbd7 13. f4 Rfd8 14. Nxc6 bxc6 15. Na4 c5 16. Bd2 Ra7 17. Rae1 Ne8 18. Bc3 Bf8 19. f5 exf5 20. exf5 Ndf6 21. Nb6 Rb8 22. b3 Qd8 23. Bc6 Nc7 24. Kg2 Nfe8 25. Nd7 Rc8 26. f6 Ne6 27. Nxf8 Kxf8 28. fxg7+ N8xg7 29. Bd5 Kg8 30. Rf6 Qe8 31. Qd3 Re7 32. Rh6 Nf8 33. Rf1 Rcc7 34. Rxd6 Re2+ 35. Kh1 Rce7 36. Rdf6 R2e3 37. Rxf7 Rxf7 38. Rxf7 Rxd3 1-0